 Dungeon Crawl Stone Soup version 0.30-b1-2-g02819fbbbe (webtiles) character file.

Game seed: 9413434745991671188

4311 snakesoul the Tainter (level 10, 0/94 HPs)
             Began as a Naga Venom Mage on May 31, 2023.
             Was an Initiate of Vehumet.
             Slain by a two-headed ogre
             ... wielding a +0 giant club
              (6 damage)
             ... on level 8 of the Dungeon.
             The game lasted 00:22:51 (9286 turns).

snakesoul the Tainter (Naga Venom Mage)             Turns: 9286, Time: 00:22:51

Health: 0/94       AC: 12    Str: 11    XL:     10   Next: 32%
Magic:  15/21      EV:  9    Int: 26    God:    Vehumet [......]
Gold:   625        SH:  0    Dex: 11    Spells: 14/24 levels left

rFire   . . .        c - +0 broad axe
rCold   . . .        (no shield)
rNeg    + . .        y - +2 robe {rN+}
rPois   +            j - +2 helmet {SInv}
rElec   .            z - +2 cloak {Will+}
rCorr   .            (no gloves)
SInv    +            (no barding)
Will    ++...        (no amulet)
Stlth   ++           t - +6 ring of intelligence
HPRegen 0.35/turn    (no ring)
MPRegen 0.17/turn

%: no passive effects
@: very slow
A: AC +3, large, see invisible, deformed body, poison resistance, slowness 2,
spit poison 1, naga tail 1
a: Spit Poison, Renounce Religion


You were on level 8 of the Dungeon.
You worshipped Vehumet.
Vehumet was noncommittal.
You visited 2 branches of the dungeon, and saw 9 of its levels.

You collected 625 gold pieces.

Inventory:

Hand Weapons
 c - a +0 broad axe (weapon)
Missiles
 B - 3 throwing nets
Armour
 j - a +2 helmet of see invisible (worn)
 y - a +2 robe of positive energy (worn)
 z - a +2 cloak of willpower (worn)
Jewellery
 q - a ring of fire
 t - a +6 ring of intelligence (left hand)
Wands
 a - a wand of charming (10)
Scrolls
 d - 2 scrolls of fear {unknown}
 e - 2 scrolls of teleportation {unknown}
 f - a scroll of poison {unknown}
 g - 5 scrolls of identify {unknown}
 i - a scroll of magic mapping {unknown}
 k - 2 scrolls of enchant armour {unknown}
 o - a scroll of immolation {unknown}
 p - a scroll of vulnerability {unknown}
 s - 2 scrolls of torment {unknown}
 A - 2 scrolls of fog {unknown}
 C - a scroll of amnesia {unknown}
Potions
 b - a potion of magic
 h - 2 potions of ambrosia {unknown}
 l - a potion of heal wounds {unknown}
 m - 2 potions of flight {unknown}
 n - 2 potions of berserk rage {unknown}
 r - 2 potions of mutation {unknown}
 u - 2 potions of might {unknown}
 v - 3 potions of attraction {unknown}
 w - a potion of resistance {unknown}
 x - 2 potions of brilliance


   Skills:
 + Level 7.2 Fighting
 + Level 0.5 Axes
 - Level 1.5 Dodging
 - Level 3.0 Stealth
 + Level 7.6 Spellcasting
 + Level 6.5 Conjurations
 - Level 1.0 Transmutations
 + Level 10.5 Poison Magic


You had 14 spell levels left.
You knew the following spells:

 Your Spells              Type           Power      Damage    Failure   Level
a - Sting                 Tmut/Pois      100%       1d8       1%          1
b - Poisonous Vapours     Pois/Air       74%        N/A       1%          2
c - Olgreb's Toxic Radia  Pois           59%        N/A       1%          4
d - Mephitic Cloud        Conj/Pois/Air  39%        N/A       1%          3

Your spell library contained the following spells:

 Spells                   Type           Power      Damage    Failure   Level
 Call Canine Familiar     Summ           9%         N/A       19%         3
 Portal Projectile        Hex/Tloc       18%        N/A       19%         3
 Summon Guardian Golem    Hex/Summ       9%         N/A       19%         3
 Tukima's Dance           Hex            9%         N/A       19%         3
 Vhi's Electric Charge    Tloc/Air       18%        N/A       19%         3
 Arcjolt                  Conj/Air       13%        1d23      41%         5
 Animate Dead             Necr           9%         N/A       52%         4
 Leda's Liquefaction      Hex/Erth       4%         N/A       52%         4
 Blade Hands              Tmut           7%         N/A       71%         5
 Borgnjor's Vile Clutch   Necr/Erth      4%         N/A       86%         5
 Orb of Destruction       Conj           21%        9d8       98%         7
 Death Channel            Necr           4%         N/A       100%        6
 Spellforged Servitor     Conj/Summ      13%        N/A       100%        7
 Maxwell's Capacitive Co  Air            4%         ∞         100%        8


Dungeon Overview and Level Annotations

Branches:
Dungeon (8/15)             Temple (1/1) D:7
   Lair: D:8-11

Altars:
Cheibriados
Elyvilon
Gozag
Hepliaklqana
Kikubaaqudgha
Makhleb
Okawaru
Qazlal
Trog
Vehumet
Wu Jian
Xom

Annotations:
D:4 3 runed translucent doors, CommanderKeen's ghost, amateur DjFE; adept's ghost, amateur FoHu


Innate Abilities, Weirdness & Mutations

Your serpentine skin is tough. (AC +3)
You have supernaturally acute eyesight. (SInv)
Armour fits poorly on your strangely shaped body.
Your system is resistant to poisons. (rPois)
You cover ground very slowly.
You can spit poison.
You have a snake-like lower body.


Message History

The two-headed ogre is poisoned.
Casting: Poisonous Vapours (safe; 1% risk of failure)
Confirm with . or Enter, or press ? or * to list all spells.
Aiming: Poisonous Vapours (safe; 1% risk of failure)
Press: ? - help, Dir - move target, f/p - two-headed ogre
Aim: a two-headed ogre, wielding two +0 giant clubs (very poisoned) Poisonous vapours surround the two-headed ogre!
The two-headed ogre looks as sick as possible!
The sting hits the two-headed ogre.
The two-headed ogre looks as sick as possible!
The two-headed ogre is lightly wounded.
A gnoll sergeant comes into view. It is wielding a +4 spear of venom.
The sting hits the two-headed ogre but does no damage.
The two-headed ogre looks as sick as possible!
The two-headed ogre is lightly wounded.
The two-headed ogre barely misses you.
The two-headed ogre hits you with a +0 giant club!!
You slash the two-headed ogre!
The two-headed ogre is heavily wounded.
The two-headed ogre hits you with a +0 giant club!
The two-headed ogre hits you with a +0 giant club!!
A gnoll comes into view. It is wielding a +0 flail.
You are too injured to fight recklessly!
The gnoll shouts!
You hit the two-headed ogre.
The two-headed ogre is severely wounded.
The two-headed ogre closely misses you.
The two-headed ogre hits you with a +0 giant club!!
* * * LOW HITPOINT WARNING * * *
The gnoll sergeant hits you from afar with a +4 spear of venom!
* * * LOW HITPOINT WARNING * * *
The two-headed ogre hits you with a +0 giant club!
* * * LOW HITPOINT WARNING * * *
The two-headed ogre hits you but does no damage.
The gnoll sergeant hits you but does no damage.
The two-headed ogre barely misses you. The two-headed ogre closely misses you.
There is a stone staircase leading up, spattered with blood here.
The gnoll sergeant barely misses you. The two-headed ogre barely misses you.
The two-headed ogre hits you with a +0 giant club.
You die...

#+#######
######gO@....#
...)...g......#
..............#
...)..........#
..............#
..............+
..............#
..............#
.............#


You could see a two-headed ogre (very poisoned), a gnoll sergeant and a gnoll.

Vanquished Creatures
  Pikel (D:6)
  Maggie (D:7)
  A steam dragon (D:6)
  A water moccasin (D:7)
  2 orc warriors
  2 sky beasts (D:7)
  2 black bears
  5 ogres (D:6)
  A centaur (D:6)
  A kobold brigand (D:6)
  2 lemures (D:6)
  2 phantoms
  3 scorpions
  11 killer bees
  5 howler monkeys (D:7)
  3 orc priests
  3 jellies
  2 gnoll boudas (D:6)
  6 hounds
  Crazy Yiuf (D:5)
  13 orc wizards
  19 gnolls
  10 adders
  A white imp (D:6)
  2 ufetubi
  5 dart slugs
  27 orcs
  4 endoplasms
  6 giant cockroaches
  14 hobgoblins
  4 jackals (D:4)
  11 kobolds
  9 ball pythons
  4 bats
  4 frilled lizards
  5 goblins
  5 rats
198 creatures vanquished.

Vanquished Creatures (others)
  35 plants (D:6)
  6 withered plants (D:4)
41 creatures vanquished.

Grand Total: 239 creatures vanquished

Notes
Turn   | Place    | Note
-------+----------+-------------------------------------------
     0 | D:1      | snakesoul the Naga Venom Mage began the quest for the Orb.
     0 | D:1      | Reached XP level 1. HP: 15/15 MP: 3/3
   177 | D:1      | Reached XP level 2. HP: 22/22 MP: 0/5
   648 | D:1      | Reached skill level 5 in Poison Magic
   652 | D:1      | Reached XP level 3. HP: 4/28 MP: 0/6
  1448 | D:2      | Found an opulent altar of Gozag.
  1959 | D:2      | Reached XP level 4. HP: 36/36 MP: 5/8
  1962 | D:2      | Learned a level 2 spell: Poisonous Vapours
  1967 | D:2      | Learned a level 4 spell: Olgreb's Toxic Radiance
  2593 | D:3      | Reached skill level 6 in Poison Magic
  3107 | D:4      | Reached XP level 5. HP: 26/42 MP: 1/9
  3199 | D:4      | Reached skill level 7 in Poison Magic
  3342 | D:4      | Reached XP level 6. HP: 26/49 MP: 0/11
  3431 | D:4      | Learned a level 3 spell: Mephitic Cloud
  3738 | D:4      | Reached skill level 1 in Fighting
  3967 | D:4      | Found a bloodstained altar of Trog.
  4021 | D:4      | Found a runed translucent gate.
  4021 | D:4      | Found a runed translucent gate.
  4021 | D:4      | Found a runed translucent gate.
  4021 | D:4      | Noticed adept's ghost (amateur FoHu)
  4022 | D:4      | Noticed CommanderKeen's ghost (amateur DjFE)
  4273 | D:4      | Found a white marble altar of Elyvilon.
  4405 | D:5      | Entered Level 5 of the Dungeon
  4441 | D:5      | Found a runed translucent door.
  4442 | D:5      | Noticed Crazy Yiuf
  4461 | D:5      | Reached skill level 8 in Poison Magic
  4463 | D:5      | Reached XP level 7. HP: 57/60 MP: 3/13
  5209 | D:5      | Killed Crazy Yiuf
  5367 | D:6      | Noticed Pikel
  5379 | D:6      | Killed Pikel
  5380 | D:6      | Reached skill level 5 in Spellcasting
  5380 | D:6      | Reached skill level 9 in Poison Magic
  5380 | D:6      | Reached XP level 8. HP: 49/72 MP: 1/16
  5631 | D:6      | Found a hazy altar of Hepliaklqana.
  5746 | D:6      | Reached skill level 10 in Poison Magic
  5929 | D:6      | Reached skill level 5 in Fighting
  6120 | D:6      | Reached XP level 9. HP: 75/81 MP: 10/18
  6276 | D:6      | Reached skill level 1 in Conjurations
  7849 | D:7      | Found a radiant altar of Vehumet.
  7861 | D:7      | Reached skill level 5 in Conjurations
  7868 | D:7      | Reached XP level 10. HP: 64/92 MP: 3/20
  7957 | D:7      | Became a worshipper of Vehumet
  8323 | D:7      | Found a staircase to the Ecumenical Temple.
  8362 | D:7      | Noticed Maggie
  8365 | Temple   | Entered the Ecumenical Temple
  8444 | D:7      | Killed Maggie
  8782 | D:7      | Found a stormy altar of Qazlal.
  9019 | D:7      | Found an ornate altar of the Wu Jian Council.
  9036 | D:7      | Found a burning altar of Makhleb.
  9038 | D:7      | Found an iron altar of Okawaru.
  9273 | D:8      | Noticed a two-headed ogre
  9283 | D:8      | HP: 4/94 [two-headed ogre/+0 giant club (7)]
  9286 | D:8      | Slain by a two-headed ogre

Illustrated notes

Levels and vault maps discovered:
D:1:      ebering_trefoil_twist, layout_loops_corners
D:2:      layout_loops_corners, basic_altar
D:3:      layout_basic
D:4:      nicolae_cairo_tiling_large_dashed, layout_rooms, elyvilon_altar_3,
          trog_book, gammafunk_ghost_cemetery, dreamdust_princess_bridge
D:5:      layout_cave_pools, uniq_crazy_yiuf_cottage
D:6:      kennysheep_housing_project, layout_basic, nzn_hepliaklqana_mist_gate,
          uniq_pikel
D:7:      layout_gridville, vehumet_crystals, nicolae_qazlal_beasts_of_the_sky,
          gammafunk_temple_overflow_forgotten, minmay_temple_entry_purple_smoke,
          serial_glass, glass_columns_a, glass_columns_a, minmay_crossroads,
          uniq_maggie
D:8:      layout_gridville, tso_oasis_becter, uniq_prince_ribbit1
Temple:   nicolae_temple_bog_church

Skill      XL: |  1  2  3  4  5  6  7  8  9 10 |
---------------+-------------------------------+-----
Poison Magic   | 5 6 7 8 9 10 | 10.5
Spellcasting   | 3 4 5 6 7 |  7.6
Fighting       | 2 4 5 6 7 |  7.2
Conjurations   | 5 6 |  6.5
Axes           | |  0.5
Dodging        | |  1.5
Stealth        | |  3.0
Transmutations | |  1.0

Action                     |  1- 3 |  4- 6 |  7- 9 | 10-12 || total
---------------------------+-------+-------+-------+-------++-------
  Melee: Broad axe         |    11 |    50 |    68 |    13 ||   142
         Punch             |       |     1 |       |       ||     1
   Cast: Sting             |    69 |    87 |   138 |    53 ||   347
         Olgreb's Toxic Ra |       |     7 |    21 |     6 ||    34
         Poisonous Vapours |       |       |    29 |    14 ||    43
Ability: Spit Poison       |     3 |     1 |       |       ||     4
    Use: Potion            |       |       |     3 |       ||     3
 Armour: Robe              |     7 |    56 |   119 |    20 ||   202
  Dodge: Dodged            |    20 |    60 |   132 |    30 ||   242
